 Dungeon Sprint DCSS version 0.31-a0-841-g038b102fc3 (webtiles) character file.

Game seed: 2976844686772104564

8501 sircluck the Brawler (level 11, -20/128 HPs)
             Began as a Troll Berserker on Sept 27, 2023.
             Was the Champion of Trog.
             Demolished by a skeletal warrior
             ... wielding a +0 long sword
              (27 damage)
             ... in the Dungeon (Sprint VII: "The Pits").
             The game lasted 00:03:52 (1252 turns).

sircluck the Brawler (Troll Berserker)              Turns: 1252, Time: 00:03:52

Health: -20/128    AC:  5    Str: 37    XL:     11   Next: 10%
Magic:  10/10      EV: 13    Int:  3    God:    Trog [******]
Gold:   0          SH:  0    Dex:  9    Spells: 10/10 levels left

rFire   + .          .
                       - Unarmed
rCold   . . .        (no shield)
rNeg    . . .        k - +1 robe {rF+}
rPois   .            (helmet restricted)
rElec   .            (no cloak)
rCorr   .            (gloves unavailable)
SInv    .            (boots unavailable)
Will    .....        (no amulet)
Stlth   +            l - +3 ring of strength
HPRegen 1.21/turn    m - +3 ring of strength
MPRegen 0.12/turn

%: no teleportation
@: invisible
A: large, unfitting armour, claws 3, regeneration 1, shaggy fur 1, tough skin 1
a: Renounce Religion, Berserk, Trog's Hand, Brothers in Arms


You were in the Dungeon.
You worshipped Trog.
Trog was exalted by your worship.
You visited 1 branch

Inventory:

Missiles
 g - 2 large rocks (quivered)
Armour
 a - a +0 animal skin
 k - a +1 robe of fire resistance (worn)
Jewellery
 l - a +3 ring of strength (left claw)
 m - a +3 ring of strength (right claw)
Scrolls
 i - 2 scrolls of vulnerability
 j - a scroll of summoning
Potions
 b - 7 potions of curing
 c - 4 potions of heal wounds
 d - 2 potions of haste
 e - 4 potions of magic
 f - 3 potions of berserk rage
 h - a potion of invisibility
 n - a potion of resistance


   Skills:
 + Level 13.7 Fighting
 + Level 13.5 Dodging
 + Level 15.9 Unarmed Combat


You had 10 spell levels left.
You didn't know any spells.
Your spell library was empty.

Dungeon Overview and Level Annotations

Branches:
Dungeon (1/1)

Altars:
Ashenzari
Cheibriados
Dithmenos
Elyvilon
Fedhas
Gozag
Hepliaklqana
Kikubaaqudgha
Makhleb
Nemelex Xobeh
Okawaru
Qazlal
Ru
Sif Muna
Trog
Uskayaw
Vehumet
Wu Jian
Xom
Yredelemnul
Zin
The Shining One
Jiyva
Lugonu


Innate Abilities, Weirdness & Mutations

You are too large for most types of armour.
You have claws for hands.
Your natural rate of healing is unusually fast.
You are covered in fur. (AC +1)
You have tough skin. (AC +1)


Message History

You mangle the troll!!
The troll is severely wounded.
You mangle the troll!!
You kill the troll!
Trog accepts your kill.
The troll leather armour is intact enough to wear.
You mangle the skeletal warrior!!
The skeletal warrior is heavily damaged.
You hear a bellow!
A minotaur comes into view.
The minotaur bellows!
The tyrant leech bites you.
The tyrant leech draws strength from your injuries!
The skeletal warrior hits you with a +0 broad axe!!
The minotaur throws a javelin.
The javelin pierces through you!
The skeletal warrior hits you with a +0 long sword!
There is an open door, spattered with blood here.
Things that are here:
a +0 troll leather armour; a +0 battleaxe; a troll corpse You barely miss the tyrant leech.
The skeletal warrior hits you with a +0 long sword!!
* * * LOW HITPOINT WARNING * * *
You see here a +3 giant club.
You closely miss the skeletal warrior.
The skeletal warrior is heavily damaged.
The skeletal warrior hits you with a +0 broad axe!
* * * LOW HITPOINT WARNING * * *
The skeletal warrior hits you with a +0 long sword!
* * * LOW HITPOINT WARNING * * *
Unknown command.
You feel much better.
The skeletal warrior hits you with a +0 broad axe!
* * * LOW HITPOINT WARNING * * *
The skeletal warrior closely misses you.
Unknown command.
You fade into invisibility!
The skeletal warrior hits you with a +0 broad axe!
* * * LOW HITPOINT WARNING * * *
The skeletal warrior hits you with a +0 long sword!!
You die...

'######################
'################ ###
.#..............###..#
.##..............#..#
.####..)#'######.††#
.#..#####.##...##†##
.#....##...#...#...#
.'.....#...#...#...#
.'.....†...+.?wz@..+
)))..†)#...#..H#z..#
)#)...##...#...#...#
.#..#####.##...##+##
.#### #+##### .# .# ##


You could see a minotaur (unable to see you), 2 skeletal warriors and a tyrant
leech (unable to see you).

Vanquished Creatures
  An emperor scorpion (D)
  A centaur warrior (D)
  A boulder beetle (D)
  Erica (D)
  A skeletal warrior (D)
  Pikel (D)
  2 deep elf pyromancers (D)
  A wolf spider (D)
  A cyclops (D)
  A merfolk siren (D)
  A molten gargoyle (D)
  A rime drake (D)
  A polar bear (D)
  A troll (D)
  A water elemental (D)
  A shadow (D)
  A wraith (D)
  A fire bat (D)
  6 yaks (D)
  2 orc warriors (D)
  A swamp drake (D)
  A sky beast (D)
  A lemure (D)
  An orc priest (D)
  A gnoll bouda (D)
  2 orc wizards (D)
  5 gnolls (D)
  2 river rats (D)
  An adder skeleton (D)
  A worm (D)
  7 orcs (D)
  A giant cockroach (D)
  A goblin (D)
  2 hobgoblins (D)
  A kobold (D)
  A ball python skeleton (D)
  3 frilled lizards (D)
  A giant cockroach zombie (D)
  A rat (D)
61 creatures vanquished.

Notes
Turn   | Place    | Note
-------+----------+-------------------------------------------
     0 | D        | sircluck the Troll Berserker began the quest for the Orb.
     0 | D        | Reached XP level 1. HP: 22/22 MP: 0/0
    30 | D        | Noticed a wraith
    50 | D        | Killed a wraith
    51 | D        | Reached skill level 5 in Fighting
    51 | D        | Reached skill level 5 in Dodging
    51 | D        | Reached skill level 6 in Unarmed Combat
    51 | D        | Reached XP level 2. HP: 26/35 MP: 1/1
    51 | D        | Reached XP level 3. HP: 31/42 MP: 2/2
    51 | D        | Reached XP level 4. HP: 37/50 MP: 3/3
    51 | D        | Reached XP level 5. HP: 42/57 MP: 4/4
    99 | D        | Noticed a deep elf pyromancer
   111 | D        | Killed a deep elf pyromancer
   111 | D        | Reached ** piety under Trog
   112 | D        | Reached skill level 9 in Unarmed Combat
   112 | D        | Reached XP level 6. HP: 72/72 MP: 5/5
   112 | D        | Reached XP level 7. HP: 80/80 MP: 6/6
   221 | D        | Noticed a yak
   221 | D        | Noticed a yak
   221 | D        | Noticed a yak
   223 | D        | Noticed a yak
   225 | D        | Noticed a yak
   226 | D        | Noticed a yak
   268 | D        | Killed a yak
   269 | D        | Reached skill level 10 in Unarmed Combat
   273 | D        | Killed a yak
   276 | D        | Killed a yak
   276 | D        | Reached *** piety under Trog
   277 | D        | Reached XP level 8. HP: 92/92 MP: 7/7
   284 | D        | Reached skill level 11 in Unarmed Combat
   293 | D        | Found a bloodstained altar of Trog.
   293 | D        | Found a shimmering blue altar of Sif Muna.
   293 | D        | Found a viscous altar of Jiyva.
   293 | D        | Found a hazy altar of Hepliaklqana.
   293 | D        | Found an opulent altar of Gozag.
   294 | D        | Found a glowing golden altar of the Shining One.
   294 | D        | Found a glowing silver altar of Zin.
   294 | D        | Found a basalt altar of Yredelemnul.
   294 | D        | Found a shimmering altar of Xom.
   294 | D        | Found an ornate altar of the Wu Jian Council.
   294 | D        | Found a sacrificial altar of Ru.
   294 | D        | Found a stormy altar of Qazlal.
   294 | D        | Found an iron altar of Okawaru.
   294 | D        | Found a sparkling altar of Nemelex Xobeh.
   294 | D        | Found a burning altar of Makhleb.
   294 | D        | Found a blossoming altar of Fedhas.
   294 | D        | Found a white marble altar of Elyvilon.
   294 | D        | Found a shadowy altar of Dithmenos.
   294 | D        | Found a snail-covered altar of Cheibriados.
   296 | D        | Found a radiant altar of Vehumet.
   296 | D        | Found a corrupted altar of Lugonu.
   297 | D        | Found a hide-covered altar of Uskayaw.
   297 | D        | Found an ancient bone altar of Kikubaaqudgha.
   297 | D        | Found a broken altar of Ashenzari.
   337 | D        | Reached **** piety under Trog
   356 | D        | Reached ***** piety under Trog
   416 | D        | Reached skill level 10 in Fighting
   429 | D        | Received a gift from Trog
   441 | D        | Reached skill level 10 in Dodging
   453 | D        | Received a gift from Trog
   543 | D        | Noticed a merfolk siren
   546 | D        | Killed a merfolk siren
   547 | D        | Reached skill level 12 in Unarmed Combat
   547 | D        | Reached XP level 9. HP: 102/102 MP: 8/8
   548 | D        | Noticed Pikel
   565 | D        | Killed Pikel
   612 | D        | Noticed Erica
   622 | D        | Killed Erica
   623 | D        | Reached skill level 13 in Unarmed Combat
   624 | D        | Reached ****** piety under Trog
   710 | D        | Noticed a deep elf pyromancer
   721 | D        | Killed a deep elf pyromancer
   721 | D        | Received a gift from Trog
   833 | D        | Noticed a centaur warrior
   840 | D        | Reached XP level 10. HP: 42/115 MP: 9/9
   843 | D        | Killed a centaur warrior
   844 | D        | Reached skill level 14 in Unarmed Combat
   971 | D        | Noticed a boulder beetle
   982 | D        | Killed a boulder beetle
   995 | D        | Received a gift from Trog
  1031 | D        | Noticed an emperor scorpion
  1032 | D        | Noticed a wolf spider
  1032 | D        | Noticed a molten gargoyle
  1036 | D        | Killed a molten gargoyle
  1039 | D        | HP: 4/118 [wolf spider (3)]
  1050 | D        | Killed a wolf spider
  1058 | D        | Killed an emperor scorpion
  1059 | D        | Reached skill level 15 in Unarmed Combat
  1063 | D        | HP: 8/178 [poisoned by a wolf spider]
  1065 | D        | Identified the +1 triple sword of the End of Times {flame,
                  | rC+ SInv} (Trog gifted it to you in the Dungeon)
  1065 | D        | Received a gift from Trog
  1066 | D        | HP: 3/119 [poisoned by a wolf spider]
  1176 | D        | Noticed a cyclops
  1180 | D        | Killed a cyclops
  1189 | D        | Reached XP level 11. HP: 66/127 MP: 10/10
  1239 | D        | Noticed a skeletal warrior
  1241 | D        | Noticed a skeletal warrior
  1241 | D        | Noticed a skeletal warrior
  1242 | D        | Killed a skeletal warrior
  1242 | D        | Received a gift from Trog
  1247 | D        | Noticed a minotaur
  1250 | D        | HP: 4/128 [skeletal warrior/+0 long sword (12)]
  1252 | D        | Demolished by a skeletal warrior

Illustrated notes

Levels and vault maps discovered:
D:        pitsprint [storerooms_1, entrance_room_1, metal_vault_1, armoury_2,
          mini_pit_1, grid_room_1, main_hall_1, silver_pit, the_coven_2,
          the_vestibule_1, steel_vault_4, golden_pit, hallway_of_sentries,
          crystal_vault_1, iron_vault_1, final_vault]

Skill      XL: |  1  2  3  4  5  6  7  8  9 10 |
---------------+-------------------------------+-----
Fighting       | 5 8 9 10 11 13 | 13.7
Dodging        | 5 8 9 10 11 13 | 13.5
Unarmed Combat | 6 9 10 12 13 15 | 15.9

Action                     |  1- 3 |  4- 6 |  7- 9 | 10-12 || total
---------------------------+-------+-------+-------+-------++-------
  Melee: Unarmed           |    10 |     6 |   110 |    60 ||   186
         Punch             |       |       |     9 |     4 ||    13
 Invoke: Berserk           |     1 |       |     2 |     1 ||     4
    Use: Potion            |       |       |       |     8 ||     8
         Scroll            |       |       |       |     1 ||     1
   Stab: Sleeping          |       |       |     1 |       ||     1
 Armour: Animal skin       |     5 |     2 |    42 |       ||    49
         Robe              |       |       |    13 |    64 ||    77
  Dodge: Dodged            |     5 |     1 |    37 |    33 ||    76

Table legend: (Time is in decaauts)
 A = Elapsed time spent in this place.
 B = Non-inter-level travel time spent in this place.
 C = Inter-level travel time spent in this place.
 D = Time resting spent in this place.
 E = Time spent auto-exploring this place.
 F = Levels seen in this place.
 G = Mean time per level.
                   A        B        C        D        E       F      G
               +--------+--------+--------+--------+--------+-----+--------+
         Total |   1261 |   1228 |     33 |    539 |     79 |   1 | 1261.0 |
       Dungeon |   1261 |   1228 |     33 |    539 |     79 |   1 | 1261.0 |
               +--------+--------+--------+--------+--------+-----+--------+

Top non-repeatable levels by time:
       D: 1261 daAuts
